 Dungeon Crawl Stone Soup version 0.30.0 (webtiles) character file.

Game seed: 1058219804924293370

705 hawla the Firebug (level 8, -4/58 HPs)
             Began as a Meteoran Fire Elementalist on May 5, 2023.
             Slain by an iguana (6 damage)
             ... on level 4 of the Dungeon.
             The game lasted 00:03:47 (450 turns).

hawla the Firebug (Meteoran Fire Elementalist)       Turns: 450, Time: 00:03:47

Health: -4/58      AC:  2    Str: 10    XL:     8   Next: 19%
Magic:  0/18       EV: 13    Int: 18    God:
Gold:   49         SH:  0    Dex: 15    Spells: 13/19 levels left

rFire   . . .        (no weapon)
rCold   . . .        (no shield)
rNeg    . . .        a - +0 robe
rPois   .            (no helmet)
rElec   .            (no cloak)
rCorr   .            (no gloves)
SInv    .            (no boots)
Will    +....        (no amulet)
Stlth   +            (no ring)
HPRegen 0.29/turn    (no ring)
MPRegen 0.16/turn

%: no passive effects
@: lethally poisoned (-4 -> -32), glowing
A: sense surroundings 1, otherworldly, glowing, explore regen
a: no special abilities


You were on level 4 of the Dungeon.
You visited 1 branch of the dungeon, and saw 4 of its levels.

You collected 49 gold pieces.

Inventory:

Armour
 a - a +0 robe (worn)
Wands
 b - a wand of flame (23)
Scrolls
 d - a scroll of torment {unknown}
Potions
 c - a potion of mutation {unknown}


   Skills:
 + Level 0.9 Fighting
 + Level 3.8 Dodging
 - Level 1.4 Stealth
 + Level 6.3 Spellcasting
 + Level 2.4 Conjurations
 + Level 0.3 Translocations
 + Level 7.6 Fire Magic


You had 13 spell levels left.
You knew the following spells:

 Your Spells              Type           Power      Damage    Failure   Level
a - Foxfire               Conj/Fire      92%        2x1d8     1%          1
b - Scorch                Fire           66%        2d7       1%          2
c - Volatile Blastmotes   Fire/Tloc      40%        2d13      7%          3

Your spell library contained the following spells:

 Spells                   Type           Power      Damage    Failure   Level
 Inner Flame              Hex/Fire       19%        N/A       7%          3
 Flame Wave               Conj/Fire      23%        2d8       14%         4


Dungeon Overview and Level Annotations

Branches:
Dungeon (4/15) Zot: 1950
 Temple: D:4-7

Altars:
Elyvilon
Nemelex Xobeh
Okawaru
Zin
The Shining One

Shops:
D:4 [

Annotations:
D:4 Duvessa


Innate Abilities, Weirdness & Mutations

You passively map a small area around you.
You are easily found by Zot.
You glow in the dark.
You regain HP and MP as you explore.


Message History

Duvessa goes berserk!
Casting: Foxfire (safe; 1% risk of failure)
Confirm with . or Enter, or press ? or * to list all spells.
You conjure some foxfire!
Casting: Foxfire (safe; 1% risk of failure)
Confirm with . or Enter, or press ? or * to list all spells.
Flames lash Duvessa.
Duvessa is lightly wounded.
Duvessa's fire resistance burns away.
The foxfire hits Duvessa but does no damage.
Duvessa is lightly wounded.
The foxfire hits the kobold.
The kobold is severely wounded.
Casting: Scorch (safe; 1% risk of failure)
Confirm with . or Enter, or press ? or * to list all spells.
You conjure some foxfire!
Duvessa closely misses you.
Duvessa hits you with a +4 short sword of venom!
You are poisoned.
Unknown command.
Casting: Foxfire (safe; 1% risk of failure)
Confirm with . or Enter, or press ? or * to list all spells.
You conjure some foxfire!
You feel very sick.
The foxfire hits the kobold.
You kill the kobold!
The foxfire hits Duvessa but does no damage.
Duvessa is lightly wounded.
Duvessa hits you with a +4 short sword of venom!
You are lethally poisoned!
* * * LOW HITPOINT WARNING * * *
You feel extremely sick.
Duvessa is no longer more vulnerable to fire.
The foxfire hits Duvessa.
Duvessa is lightly wounded.
The foxfire hits Duvessa.
Duvessa is lightly wounded.
Duvessa hits you with a +4 short sword of venom!
* * * LOW HITPOINT WARNING * * *
The iguana attacks as you move away! The iguana bites you.
You die...

#..§§§§≈≈.§#
#########.≈§§>≈§§.# *
#.........#.≈§≈≈§≈..#
#..#........≈≈§≈§§..#
#....####.#.........# ##....*
#.##..###.#.#####.## ......
##K##!..##...........
......###..#...l§..........##
...............e@###########
,* #.###5......†..(....#* ,
##.w##...###...##..#
#,#.l###.#.#,#.#.#* ,# *
#.#..###...#,#)..# * ,
##.#.....###...###.....
....)l.#.# #.#. , .#...
####†....##.#.#, .. ..
####w.###..#.# , ### ,* *,


You could see Duvessa (berserk) and an iguana.

Vanquished Creatures
  Pikel (D:4)
  Sigmund (D:2)
  Dowan (D:4)
  A gnoll (D:4)
  2 adders (D:2)
  2 dart slugs (D:4)
  3 ball pythons (D:4)
  An endoplasm (D:2)
  A giant cockroach (D:1)
  A goblin (D:2)
  2 hobgoblins (D:4)
  A quokka (D:4)
  A kobold (D:4)
  A rat (D:2)
19 creatures vanquished.

Vanquished Creatures (others)
  55 foxfires
55 creatures vanquished.

Grand Total: 74 creatures vanquished

Notes
Turn   | Place    | Note
-------+----------+-------------------------------------------
     0 | D:1      | hawla the Meteoran Fire Elementalist began the quest for
                  | the Orb.
     0 | D:1      | Reached XP level 1. HP: 14/14 MP: 5/5
    83 | D:2      | Reached skill level 4 in Fire Magic
    83 | D:2      | Reached XP level 2. HP: 20/20 MP: 0/6
    88 | D:2      | Learned a level 2 spell: Scorch
   101 | D:2      | Noticed Sigmund
   102 | D:2      | Reached XP level 3. HP: 26/26 MP: 2/8
   107 | D:2      | Killed Sigmund
   108 | D:2      | Reached skill level 6 in Fire Magic
   108 | D:2      | Reached XP level 4. HP: 33/33 MP: 4/11
   108 | D:2      | Reached XP level 5. HP: 38/38 MP: 4/12
   108 | D:2      | Reached XP level 6. HP: 45/45 MP: 4/13
   193 | D:4      | Found a white marble altar of Elyvilon.
   194 | D:4      | Found a glowing golden altar of the Shining One.
   196 | D:4      | Found a glowing silver altar of Zin.
   247 | D:4      | Learned a level 3 spell: Volatile Blastmotes
   269 | D:4      | Found an iron altar of Okawaru.
   337 | D:4      | Found Unapuhoth's Antique Armour Shoppe.
   353 | D:4      | Noticed Pikel
   368 | D:4      | HP: 1/45 [Pikel/+2 whip of electrocution (10)]
   380 | D:4      | Found a sparkling altar of Nemelex Xobeh.
   402 | D:4      | Killed Pikel
   403 | D:4      | Reached skill level 7 in Fire Magic
   403 | D:4      | Reached XP level 7. HP: 29/51 MP: 7/17
   403 | D:4      | Reached XP level 8. HP: 33/58 MP: 7/18
   426 | D:4      | Noticed Dowan
   431 | D:4      | Killed Dowan
   443 | D:4      | Noticed Duvessa
   449 | D:4      | HP: 2/58 [Duvessa/+4 short sword of venom (10)]
   450 | D:4      | Slain by an iguana

Illustrated notes

Levels and vault maps discovered:
D:1:      sevenhm_arrival_forest_fort_small_4, layout_loops_ring
D:2:      minmay_wonky_spiral, layout_basic, grunt_ministairs_2,
          minmay_hedge_maze, uniq_sigmund
D:3:      layout_basic, nicolae_ru_awakened_eye, serial_shops,
          nicolae_lakefront_shop, shapermc_ecumenical_altar_mp_vishouse,
          minmay_misc_feat_iff, minmay_misc_feat_rows, kennysheep_nondescript
D:4:      layout_loops_ring, good_gods_temple_1, mainiacjoe_overflow_boulevard,
          mainiacjoe_overflow_concentric_impassable, fedhas_altar_1,
          mainiacjoe_overflow_swirl, general_overflow_altar, serial_shops, shop,
          minmay_starry_boxes, uniq_duvessa, uniq_eustachio, uniq_pikel

Skill      XL: |  1  2  3  4  5  6 |
---------------+-------------------+-----
Fire Magic     | 4 6 7 |  7.6
Spellcasting   | 3 4 6 |  6.3
Dodging        | 3 |  3.8
Conjurations   | 2 |  2.4
Fighting       | |  0.9
Stealth        | |  1.4
Translocations | |  0.3

Action                     |  1- 3 |  4- 6 |  7- 9 || total
---------------------------+-------+-------+-------++-------
  Melee: Unarmed           |     2 |     1 |       ||     3
   Cast: Foxfire           |    11 |     9 |    12 ||    32
         Scorch            |     3 |     7 |     4 ||    14
         Volatile Blastmot |       |     1 |       ||     1
    Use: Potion            |     1 |       |       ||     1
         Scroll            |       |     4 |       ||     4
 Armour: Robe              |     4 |     7 |       ||    11
  Dodge: Dodged            |     7 |    28 |     1 ||    36
